 Dungeon Crawl Stone Soup version 0.30-a0-528-g8c47a4955b (webtiles) character file.

Game seed: 3802836088895349212

71 Crownlay the Digger (level 4, 0/24 HPs)
             Began as a Gargoyle Earth Elementalist on Dec 23, 2022.
             Slain by Crazy Yiuf
             ... wielding a +2 quarterstaff of chaos
              (10 damage)
             ... on level 2 of the Dungeon.
             The game lasted 00:03:03 (1851 turns).

Crownlay the Digger (Gargoyle Earth Elementalist)   Turns: 1851, Time: 00:03:04

Health: 0/24       AC:  5    Str: 11    XL:     4   Next: 24%
Magic:  4/9        EV: 31    Int: 18    God:
Gold:   83         SH:  0    Dex: 10    Spells: 7/10 levels left

rFire   . . .      SeeInvis .    p - +1 hammer (vorpal)
rCold   . . .      Faith    .    (no shield)
rNeg    + . .      Spirit   .    a - +0 robe
rPois   ∞          Reflect  .    (no helmet)
rElec   +          Harm     .    (no cloak)
rCorr   .          Rampage  .    (no gloves)
Will    .....                    (no boots)
Stlth   ++                       k - amulet of the acrobat
HPRegen 0.24/turn                (no ring)
MPRegen 0.11/turn                (no ring)

@: mighty, agile, acrobatic
A: sickness immunity, AC +3, negative energy resistance 1, electricity
resistance, torment resistance 1, petrification resistance
a: no special abilities


You were on level 2 of the Dungeon.
You visited 1 branch of the dungeon, and saw 2 of its levels.

You collected 83 gold pieces.

Inventory:

Hand Weapons
 c - a +0 mace
 p - a +1 vorpal hammer (weapon)
Armour
 a - a +0 robe (worn)
Jewellery
 k - an amulet of the acrobat (around neck)
Scrolls
 e - a scroll of identify {unknown}
 f - a scroll of torment {unknown}
 g - 2 scrolls of teleportation
 i - a scroll of fear {unknown}
 j - a scroll of acquirement {unknown}
 m - a scroll of amnesia {unknown}
 o - a scroll of blinking {unknown}
Potions
 b - a potion of magic
 d - a potion of resistance {unknown}
 h - 4 potions of flight {unknown}
 l - a potion of ambrosia {unknown}
 n - a potion of might {unknown}


   Skills:
 - Level 1.5 Dodging
 - Level 2.1 Stealth
 * Level 3.5 Spellcasting
 - Level 0.7 Transmutations
 + Level 4.5 Earth Magic


You had 7 spell levels left.
You knew the following spells:

 Your Spells              Type           Power      Damage    Failure   Level
a - Sandblast             Erth           38%        2d10      2%          1
b - Passwall              Tmut/Erth      10%        N/A       8%          2

Your spell library contained the following spells:

 Spells                   Type           Power      Damage    Failure   Level
 Stone Arrow              Conj/Erth      22%        3d8       19%         3
 Call Canine Familiar     Summ           3%         N/A       43%         3
 Dazzling Flash           Conj/Hex       6%         N/A       43%         3
 Portal Projectile        Hex/Tloc       6%         N/A       43%         3
 Petrify                  Tmut/Erth      12%        N/A       45%         4
 Leda's Liquefaction      Hex/Erth       5%         N/A       52%         4
 Agony                    Necr           3%         N/A       99%         5
 Silence                  Hex/Air        1%         N/A       99%         5


Dungeon Overview and Level Annotations

Branches:
Dungeon (2/15)

Altars:

Annotations:
D:2 Crazy Yiuf


Innate Abilities, Weirdness & Mutations

You are immune to sickness and miasma.
Your stone body is resilient. (AC +3)
You are immune to poison.
You resist negative energy. (rN+)
You are resistant to electric shocks. (rElec)
You are resistant to unholy torment.
You are immune to petrification.


Message History

Press: ? - help, v - describe, . - travel
Here: Crazy Yiuf, wielding a +2 quarterstaff of chaos and wearing a +0 cloak (lightly wounded)
An open translucent door.
Press: ? - help, v - describe, . - travel
Here: Crazy Yiuf, wielding a +2 quarterstaff of chaos and wearing a +0 cloak (lightly wounded)
An open translucent door.
Casting: Sandblast (safe; 2% risk of failure)
Confirm with . or Enter, or press ? or * to list all spells.
Aiming: Sandblast (safe; 2% risk of failure)
Press: ? - help, Shift-Dir - straight line, f/p - Crazy Yiuf
Aim: Crazy Yiuf, wielding a +2 quarterstaff of chaos and wearing a +0 cloak (lightly wounded, 84% to hit)
The blast of sand hits Crazy Yiuf but does no damage.
Crazy Yiuf is lightly wounded.
Crazy Yiuf misses you.
You barely miss Crazy Yiuf.
Crazy Yiuf is lightly wounded.
Crazy Yiuf misses you.
Casting: Sandblast (safe; 2% risk of failure)
Confirm with . or Enter, or press ? or * to list all spells.
Aiming: Sandblast (safe; 2% risk of failure)
Press: ? - help, Shift-Dir - straight line, f/p - Crazy Yiuf
Aim: Crazy Yiuf, wielding a +2 quarterstaff of chaos and wearing a +0 cloak (lightly wounded, 84% to hit)
The blast of sand hits Crazy Yiuf.
Crazy Yiuf is lightly wounded.
Crazy Yiuf barely misses you.
Crazy Yiuf says, "Cod unthinkable hog!"
Crazy Yiuf hits you with a +2 quarterstaff of chaos.
You feel your power leaking away.
Your magical contamination has completely faded away.
Casting: Sandblast (safe; 2% risk of failure)
Confirm with . or Enter, or press ? or * to list all spells.
You aren't next to any passable walls.
Crazy Yiuf attacks as you move away! Crazy Yiuf hits you but does no damage.
You feel very mighty all of a sudden.
Crazy Yiuf cries, "Pitchfork ragdoll testudinal!"
You see here a +0 hammer.
You see here a +0 hammer.
Crazy Yiuf attacks as you move away!
Crazy Yiuf hits you with a +2 quarterstaff of chaos!
You die...

##### ######## #...#
♣♣♣♣♣###......###
#.### ###
♣♣♣)♣)..##.####....
#.# #)))#♣g@♣)......#
#..## #.#
#.))'.♣♣♣♣......#
#.##. #.# #)))#♣♣
♣♣..#..######.. #.#
### ♣♣##.....##...
#.# ##.####.... #.#
#.# #...# #.# ### ###
######.# #.... #.#
#.# #.#
##.##...#####...
#.###.#
#.####...#.......##..


You could see Crazy Yiuf.

Vanquished Creatures
  Terence (D:2)
  A worm (D:2)
  2 dart slugs (D:2)
  2 endoplasms
  2 giant cockroaches (D:2)
  5 goblins
  3 hobgoblins (D:1)
  4 jackals (D:2)
  5 kobolds
  2 quokkas (D:1)
  6 ball pythons
  4 bats
  2 rats
39 creatures vanquished.

Notes
Turn   | Place    | Note
-------+----------+-------------------------------------------
     0 | D:1      | Crownlay the Gargoyle Earth Elementalist began the quest
                  | for the Orb.
     0 | D:1      | Reached XP level 1. HP: 10/10 MP: 3/3
   257 | D:1      | Reached XP level 2. HP: 15/15 MP: 3/5
   450 | D:1      | Reached skill level 4 in Earth Magic
   824 | D:1      | Learned a level 2 spell: Passwall
   851 | D:2      | Noticed Terence
   855 | D:2      | Killed Terence
   856 | D:2      | Reached XP level 3. HP: 13/19 MP: 1/7
  1243 | D:2      | Reached XP level 4. HP: 24/24 MP: 5/9
  1836 | D:2      | Found a runed translucent door.
  1837 | D:2      | Noticed Crazy Yiuf
  1851 | D:2      | Slain by Crazy Yiuf

Illustrated notes

Levels and vault maps discovered:
D:1:      minmay_arrival_radiant_lines, layout_basic, dreamdust_wishing_well
D:2:      layout_loops_ring, nrook_uturn, nicolae_figureground_pulse,
          uniq_terence, uniq_crazy_yiuf_cottage

Skill      XL: |  1  2 |
---------------+-------+-----
Earth Magic    | 4 |  4.5
Spellcasting   | 3 |  3.5
Dodging        | |  1.5
Stealth        | |  2.1
Transmutations | |  0.7

Action                   |  1- 3 |  4- 6 || total
-------------------------+-------+-------++-------
Melee: Mace              |     1 |     1 ||     2
 Cast: Sandblast         |    37 |    17 ||    54
  Use: Scroll            |       |     1 ||     1
Armor: Robe              |       |     1 ||     1
Dodge: Dodged            |    11 |     7 ||    18

Table legend: (Time is in decaauts)
 A = Elapsed time spent in this place.
 B = Non-inter-level travel time spent in this place.
 C = Inter-level travel time spent in this place.
 D = Time resting spent in this place.
 E = Time spent auto-exploring this place.
 F = Levels seen in this place.
 G = Mean time per level.
                   A        B        C        D        E       F      G
               +--------+--------+--------+--------+--------+-----+--------+
         Total |   1877 |   1850 |     27 |      0 |   1624 |   2 |  938.5 |
       Dungeon |   1877 |   1850 |     27 |      0 |   1624 |   2 |  938.5 |
               +--------+--------+--------+--------+--------+-----+--------+

Top non-repeatable levels by time:
     D:2: 1016 daAuts
     D:1: 861 daAuts
